 Dungeon Crawl Stone Soup version 0.32-a0-779-g362cfcae2a (webtiles) character file.

Game seed: 11248362632532766217

3941 BelalofOrCorn the Mimic (level 10, -2/74 HPs)
             Began as an Octopode Brigand on Mar 19, 2024.
             Was a Believer of Uskayaw.
             Slain by a two-headed ogre
             ... wielding a +0 giant spiked club
              (15 damage)
             ... on level 8 of the Dungeon.
             The game lasted 00:33:32 (11656 turns).

BelalofOrCorn the Mimic (Octopode Brigand)         Turns: 11656, Time: 00:33:33

Health: -2/74      AC:  1    Str: 15    XL:     10   Next: 21%
Magic:  10/10      EV: 12    Int: 19    God:    Uskayaw [**....]
Gold:   295        SH:  4    Dex: 14    Spells: 9/9 levels left

rFire   . . .        x - +2 short sword (venom)
rCold   . . .        a - +0 buckler
rNeg    . . .        (helmet restricted)
rPois   .            k - amulet of the acrobat
rElec   .            o - ring of resist corrosion
rCorr   +            A - +6 ring of intelligence
SInv    .            (no ring)
Will    .....        (no ring)
Stlth   ++++         (no ring)
HPRegen 0.32/turn    (no ring)
MPRegen 0.12/turn    (no ring)
                     (no ring)

%: acrobat
@: no status effects
A: almost no armour, amphibious, 8 rings, camouflage 1, gelatinous body 1,
(nimble swimmer 1), tentacles
a: Renounce Religion, Stomp, Line Pass


You were on level 8 of the Dungeon.
You worshipped Uskayaw.
Uskayaw was noncommittal.
You visited 2 branches of the dungeon, and saw 9 of its levels.
You also visited: Sewer.

You collected 455 gold pieces.
You spent 160 gold pieces at shops.

Inventory:

Hand Weapons
 x - a +2 short sword of venom (weapon)
Missiles
 b - 31 poisoned darts (quivered)
 c - 2 curare-tipped darts
Armour
 a - a +0 buckler (worn)
Jewellery
 k - an amulet of the acrobat (around mantle)
 o - a ring of resist corrosion (left tentacle)
 A - a +6 ring of intelligence (right tentacle)
Talismans
 n - a serpent talisman
Wands
 y - a wand of quicksilver (7)
 z - a wand of flame (20)
 B - a wand of paralysis (9)
Scrolls
 d - 3 scrolls of identify
 f - a scroll of amnesia
 g - 8 scrolls of teleportation
 i - 2 scrolls of poison
 p - 2 scrolls of enchant weapon
 s - a scroll of vulnerability
 t - 2 scrolls of torment
 C - a scroll of brand weapon {unknown}
Potions
 e - a potion of cancellation
 h - a potion of invisibility
 j - a potion of haste
 l - 2 potions of curing
 m - 2 potions of lignification
 q - 2 potions of brilliance
 r - a potion of resistance
 u - a potion of might
 D - a potion of enlightenment {unknown}


   Skills:
 + Level 9.3 Fighting
 - Level 2.0 Short Blades
 - Level 2.0 Throwing
 - Level 3.0 Dodging
 - Level 5.3 Stealth
 - Level 10.0 Shapeshifting


You had 9 spell levels left.
You didn't know any spells.
Your spell library contained the following spells:

 Spells                   Type           Power      Damage    Failure   Level
 Kiss of Death            Conj/Necr      0%         2d5       28%         1
 Sandblast                Erth           0%         2d4       28%         1
 Call Imp                 Summ           0%         N/A       38%         2
 Jinxbite                 Hex            0%         N/A       38%         2
 Sublimation of Blood     Necr           0%         N/A       38%         2
 Confusing Touch          Hex            0%         N/A       63%         3
 Dazzling Flash           Conj/Hex       0%         N/A       63%         3
 Frozen Ramparts          Ice            0%         1d1       63%         3
 Hailstorm                Conj/Ice       0%         3d5       63%         3
 Inner Flame              Hex/Fire       0%         N/A       63%         3
 Mephitic Cloud           Conj/Alch/Air  0%         N/A       63%         3
 Ozocubu's Armour         Ice            0%         N/A       63%         3
 Sigil of Binding         Hex            0%         N/A       63%         3
 Stone Arrow              Conj/Erth      0%         3d7       63%         3
 Summon Ice Beast         Ice/Summ       0%         N/A       63%         3
 Animate Dead             Necr           0%         N/A       95%         4
 Brom's Barrelling Bould  Conj/Erth      0%         2d3       95%         4
 Dispel Undead            Necr           0%         3d6       95%         4
 Flame Wave               Conj/Fire      0%         2d4       95%         4
 Sticky Flame             Fire/Alch      0%         2d4       95%         4
 Curse of Agony           Necr           0%         N/A       100%        5
 Metabolic Englaciation   Hex/Ice        0%         N/A       100%        5
 Silence                  Hex/Air        0%         N/A       100%        5
 Yara's Violent Unravell  Hex/Alch       0%         3d3       100%        5
 Death Channel            Necr           0%         N/A       100%        6
 Permafrost Eruption      Ice/Erth       0%         2x4d2     100%        6
 Sculpt Simulacrum        Ice/Alch       0%         N/A       100%        6
 Enfeeble                 Hex            0%         N/A       100%        7
 Haunt                    Necr/Summ      0%         N/A       100%        7
 Summon Hydra             Summ           0%         N/A       100%        7
 Infestation              Necr           0%         N/A       100%        8


Dungeon Overview and Level Annotations

Branches:
Dungeon (8/15)             Temple (1/1) D:4           Sewer (visited)
   Lair: D:8-11

Altars:
Ashenzari
Cheibriados
Dithmenos
Elyvilon
Fedhas
Gozag
Hepliaklqana
Kikubaaqudgha
Makhleb
Nemelex Xobeh
Okawaru
Qazlal
Ru
Sif Muna
Trog
Uskayaw
Wu Jian
Xom
Zin
The Shining One

Shops:
D:5 (   D:7 ?

Annotations:
D:4 exclusion: ogre
D:5 exclusion: dart slug, Eustachio
D:8 Joseph


Innate Abilities, Weirdness & Mutations

You cannot wear most types of armour.
You are amphibious.
You can wear up to eight rings at the same time.
Your skin changes colour to match your surroundings (Stealth+).
Your rubbery body absorbs attacks. (AC +1, EV +1)
((You are camouflaged when in or above water. (Stealth+)))
You have tentacles for arms and can constrict up to eight enemies at once.


Message History

Press: ? - help, Shift-Dir - straight line, f - two-headed ogre
Aim: a two-headed ogre, wielding a +0 giant spiked club and a +0 giant club (76% to hit)
You throw a curare-tipped dart.
The curare-tipped dart hits the two-headed ogre.
The two-headed ogre is poisoned.
The two-headed ogre struggles to breathe.
The two-headed ogre seems to slow down.
The two-headed ogre is lightly wounded.
You hit the two-headed ogre but do no damage.
The two-headed ogre is lightly wounded.
You hit the two-headed ogre but do no damage.
You squeeze the two-headed ogre.
The two-headed ogre is lightly wounded.
The two-headed ogre hits you with a +0 giant spiked club!!
The two-headed ogre barely misses you.
You hit the two-headed ogre but do no damage.
You squeeze the two-headed ogre!
The two-headed ogre is heavily wounded.
You can now pass through a line of other dancers.
You hit the two-headed ogre.
The two-headed ogre looks as sick as possible!
The two-headed ogre is heavily wounded.
The two-headed ogre closely misses you.
The two-headed ogre hits you with a +0 giant club!
* * * LOW HITPOINT WARNING * * *
You hit the two-headed ogre.
The two-headed ogre looks as sick as possible!
The two-headed ogre is heavily wounded.
You hit the two-headed ogre.
The two-headed ogre looks as sick as possible!
You squeeze the two-headed ogre, but do no damage.
The two-headed ogre is severely wounded.
You hit the two-headed ogre but do no damage.
The two-headed ogre looks as sick as possible!
You squeeze the two-headed ogre!
The two-headed ogre is almost dead.
The two-headed ogre barely misses you.
The two-headed ogre hits you with a +0 giant club!
You die...
Your body falls in perfect tune with the rhythm.

...O .....
################.$...
#..................
#.########........ #.#
#...#.####.#+### #.#
#.#.#รท#........+ #.#
#.#.#.#...# #.#
#..@#.#...####### #.#
###O#>...O..)...) #.#
#...###..#######.
#.####.#####..# ##+###
#.(..#....O...######.....
####.###.................
#.# #.................
#.# #.................
#.# ####..........##


You could see a two-headed ogre (extremely poisoned, slow).

Vanquished Creatures
  2 hornets
  A shadow (D:7)
  6 yaks (D:8)
  2 steam dragons
  3 water moccasins
  A sky beast (D:7)
  2 ice beasts (D:7)
  A black bear (D:6)
  3 ogres
  A phantom (D:5)
  A kobold brigand (D:7)
  2 scorpions
  A burial acolyte (D:6)
  A howler monkey (D:7)
  A vampire bat (D:5)
  A crimson imp (D:5)
  A jelly (D:5)
  A hound (D:5)
  3 orc priests
  A sleepcap (D:7)
  3 iguanas
  4 orc wizards
  Natasha (D:3)
  2 hound zombies (D:6)
  Robin (D:3)
  10 adders
  6 river rats (Sewer)
  2 shadow imps (D:6)
  A white imp (D:6)
  4 ufetubi
  An adder zombie (D:6)
  3 dart slugs
  3 fire bats (D:5)
  5 ribbon worms
  24 orcs
  2 spectral bats (D:5)
  18 ball pythons
  3 bat skeletons (D:5)
  A bat zombie (D:5)
  6 endoplasms
  5 giant cockroaches
  2 gnoll zombies (D:6)
  14 goblins
  10 hobgoblins
  7 jackals
  11 quokkas
  11 bats
  A bat simulacrum (D:5)
  A frilled lizard (D:3)
  31 kobolds
  2 kobold zombies (D:6)
  25 rats
255 creatures vanquished.

Notes
Turn   | Place    | Note
-------+----------+-------------------------------------------
     0 | D:1      | BelalofOrCorn the Octopode Brigand began the quest for the
                  | Orb.
     0 | D:1      | Reached XP level 1. HP: 14/14 MP: 1/1
   244 | D:1      | Reached XP level 2. HP: 18/20 MP: 2/2
   990 | D:2      | Reached XP level 3. HP: 21/26 MP: 3/3
  1019 | D:2      | Identified the +1 hand axe "Gonkiu" {venom, rC+ Will+}
  1271 | D:2      | Reached XP level 4. HP: 23/33 MP: 4/4
  2069 | D:3      | Found an ornate altar of the Wu Jian Council.
  2080 | D:3      | Found an iron altar of Okawaru.
  2237 | D:3      | Identified the +2 helmet "Woexiuff" {-Cast *Corrode +Inv
                  | Dex+6}
  2237 | D:3      | Noticed Robin
  2238 | D:3      | Reached skill level 5 in Fighting
  2242 | D:3      | Reached XP level 5. HP: 33/39 MP: 5/5
  2246 | D:3      | Killed Robin
  2493 | D:3      | Found a faded altar of an unknown god.
  2844 | D:3      | Found a bloodstained altar of Trog.
  2861 | D:3      | Noticed Natasha
  2865 | D:3      | Killed Natasha
  2916 | D:3      | Found a shadowy altar of Dithmenos.
  3218 | D:4      | Noticed an ogre
  3358 | D:4      | Found a staircase to the Ecumenical Temple.
  3385 | Temple   | Entered the Ecumenical Temple
  3392 | Temple   | Became a worshipper of Uskayaw the Reveller
  3505 | D:4      | Reached * piety under Uskayaw
  3508 | D:4      | Reached ** piety under Uskayaw
  3511 | D:4      | Reached *** piety under Uskayaw
  3513 | D:4      | Reached skill level 1 in Shapeshifting
  3513 | D:4      | Reached XP level 6. HP: 43/45 MP: 6/6
  3515 | D:4      | Reached **** piety under Uskayaw
  3559 | D:4      | Reached skill level 2 in Shapeshifting
  3835 | D:4      | Reached skill level 3 in Shapeshifting
  4264 | D:5      | Entered Level 5 of the Dungeon
  4275 | D:5      | Noticed Eustachio
  4323 | D:5      | Reached XP level 7. HP: 50/50 MP: 7/7
  4326 | D:5      | Reached skill level 4 in Shapeshifting
  4363 | D:5      | Found a shimmering altar of Xom.
  4363 | D:5      | Found a burning altar of Makhleb.
  4388 | D:5      | Reached skill level 5 in Shapeshifting
  4585 | D:5      | Found a glowing drain.
  4623 | Sewer    | Entered a sewer
  5364 | Sewer    | Reached skill level 6 in Shapeshifting
  5364 | Sewer    | Reached XP level 8. HP: 52/55 MP: 8/8
  6827 | D:5      | Found Udahurgh's Weapon Shoppe.
  6852 | D:5      | Reached skill level 7 in Shapeshifting
  8009 | D:6      | Reached skill level 8 in Shapeshifting
  8126 | D:6      | Found an ancient bone altar of Kikubaaqudgha.
  8787 | D:7      | Noticed a hornet
  8791 | D:7      | Killed a hornet
  8792 | D:7      | Reached XP level 9. HP: 51/61 MP: 9/9
  8948 | D:7      | Reached skill level 9 in Shapeshifting
  9192 | D:7      | Found Queru's Magic Scroll Shop.
  9197 | D:7      | Bought a scroll of identify for 32 gold pieces
  9197 | D:7      | Bought a scroll of identify for 32 gold pieces
  9197 | D:7      | Bought a scroll of identify for 32 gold pieces
  9197 | D:7      | Bought a scroll of identify for 32 gold pieces
  9197 | D:7      | Bought a scroll of identify for 32 gold pieces
  9767 | D:7      | Found a glowing golden altar of the Shining One.
  9792 | D:8      | Found a stormy altar of Qazlal.
  9793 | D:8      | Noticed a two-headed ogre
  9805 | D:8      | Noticed Joseph
 10621 | D:8      | Noticed a hornet
 10629 | D:8      | Paralysed by a hornet for 2 turns
 10632 | D:8      | Killed a hornet
 11266 | D:8      | Reached skill level 10 in Shapeshifting
 11273 | D:8      | Reached ***** piety under Uskayaw
 11275 | D:8      | Reached XP level 10. HP: 62/73 MP: 10/10
 11281 | D:8      | Reached ****** piety under Uskayaw
 11656 | D:8      | Slain by a two-headed ogre

Illustrated notes

Levels and vault maps discovered:
D:1:      dpeg_arrival_concentric_ovals, layout_basic, moated_statue
D:2:      layout_loops_ring, minmay_tree_intersection
D:3:      layout_loops_ring, mainiacjoe_overflow_alcove_2,
          mainiacjoe_overflow_large_starburst, mainiacjoe_overflow_alcove_4,
          hellmonk_ecumenical_altar_heavens_door, uniq_natasha, uniq_robin
D:4:      nicolae_cairo_tiling_large, layout_loops_ring,
          minmay_temple_entry_crystal_x, minmay_pentangle
D:5:      layout_basic, grunt_temple_overflow_champion_of_chaos, serial_shops,
          shop, gup_sewer_entry_pipe, goddamned_bats, uniq_eustachio
D:6:      layout_loops_corners, regret_index_kikubaaqudgha_part_by_part
D:7:      layout_basic, tso_oasis_becter, serial_shops, kennysheep_little_box
D:8:      layout_basic, lemuel_crystal_altar, enter_bailey_8, uniq_joseph
Temple:   bh_familiar_temple

Skill      XL: |  1  2  3  4  5  6  7  8  9 10 |
---------------+-------------------------------+-----
Fighting       | 3 4 5 8 9 |  9.3
Dodging        | 3 |  3.0
Shapeshifting  | 1 3 6 8 10 | 10.0
Short Blades   | |  2.0
Throwing       | |  2.0
Stealth        | |  5.3

Action                     |  1- 3 |  4- 6 |  7- 9 | 10-12 || total
---------------------------+-------+-------+-------+-------++-------
  Melee: Dagger            |    55 |    56 |   110 |       ||   221
         Tentacles         |    14 |    29 |    55 |     4 ||   102
         Constrict         |    14 |    38 |    89 |     4 ||   145
         Short sword       |       |    71 |    95 |     7 ||   173
         Unarmed           |       |       |   105 |    19 ||   124
  Throw: Dart              |       |     2 |    14 |     1 ||    17
 Invoke: Line Pass         |       |       |     1 |       ||     1
Ability: Begin Untransform |       |       |     2 |     1 ||     3
    Use: Scroll            |     1 |       |    15 |       ||    16
         Potion            |     1 |       |     2 |       ||     3
   Stab: Sleeping          |     9 |    15 |    17 |       ||    41
         Paralysed         |       |     1 |    13 |       ||    14
         Distracted        |       |     1 |       |       ||     1
 Armour: Skin              |    26 |    36 |   197 |    19 ||   278
  Dodge: Dodged            |    20 |    57 |   229 |     8 ||   314
  Block: Buckler           |       |     9 |    43 |       ||    52
   Form: Serpent           |       |       |     3 |       ||     3

Table legend: (Time is in decaauts)
 A = Elapsed time spent in this place.
 B = Non-inter-level travel time spent in this place.
 C = Inter-level travel time spent in this place.
 D = Time resting spent in this place.
 E = Time spent auto-exploring this place.
 F = Levels seen in this place.
 G = Mean time per level.
                   A        B        C        D        E       F      G
               +--------+--------+--------+--------+--------+-----+--------+
         Total |  11632 |  11321 |    311 |   3577 |   5349 |  10 | 1163.2 |
       Dungeon |  10089 |   9778 |    311 |   2725 |   5145 |   8 | 1261.1 |
        Temple |     12 |     12 |      0 |      0 |      0 |   1 |   12.0 |
         Sewer |   1529 |   1529 |      0 |    852 |    204 |   1 | 1529.0 |
               +--------+--------+--------+--------+--------+-----+--------+

Top non-repeatable levels by time:
     D:7: 2198 daAuts
     D:5: 1647 daAuts
   Sewer: 1529 daAuts
     D:4: 1167 daAuts
     D:6: 1155 daAuts
     D:2: 1050 daAuts
     D:3: 1046 daAuts
     D:1: 972 daAuts
     D:8: 851 daAuts
  Temple: 12 daAuts
